Map: Odyssey LE

Players

SpeCIaL - Winner!

  • Race: Terran Terran
  • Spawn Location: 5:00

Bly

  • Race: Zerg Zerg
  • Spawn Location: 11:00

Event: WCS Jonkoping 2017

VOD

Have the link to the VOD?

Description

Time

  • Played on: June 18, 2017, 2:13 p.m.
  • Length: 11:25

All games in this series

Show
View Real Time Build Order
Export as new Build Order

SpeCIaL Terran - Winner!

Build Orders: Bio Tank 

Get SALT Encoding   

  12  0:00  SCV  
  13  0:12  SCV  
  14  0:18  Supply Depot  
  14  0:24  SCV  
  15  0:28  Refinery  
  15  0:40  SCV  
  16  0:44  Barracks  
  16  0:52  SCV  
  18  1:04  SCV  
  18  1:16  SCV  
  19  1:32  Orbital Command, Reaper  
  20  1:42  Command Center  
  20  1:53  Factory  
  20  1:57  SCV  
  21  2:07  Barracks Reactor, Supply Depot  
  21  2:10  SCV  
  21  2:14  Refinery  
  22  2:22  SCV  
  23  2:34  SCV  
  24  2:45  Starport  
  24  2:46  SCV  
  25  2:58  SCV  
  25  2:59  Hellion x2  
  25  3:02  Barracks Tech Lab  
  25  3:04  Orbital Command  
  29  3:10  SCV  
  30  3:22  Marine, Widow Mine x2  
  30  3:23  Medivac  
  30  3:24  SCV  
  38  3:31  SCV, Supply Depot  
  39  3:41  SCV  
  39  3:43  SCV  
  41  3:51  Hellion x2  
  41  3:53  Supply Depot  
  45  3:59  SCV  
  45  4:00  SCV  
  47  4:08  Raven  
  48  4:12  SCV x2  
  48  4:16  Bunker  
  50  4:19  Command Center  
  50  4:21  Marine x2  
  50  4:22  Factory Tech Lab  
  52  4:26  SCV  
  52  4:27  SCV  
  54  4:38  Supply Depot  
  54  4:39  SCV x2  
  54  4:42  Siege Tank  
  54  4:45  Marine x2  
  59  4:47  Supply Depot  
  59  4:51  SCV  
  62  4:59  SCV, Banshee  
  66  5:03  Marine x2, SCV  
  69  5:11  SCV  
  70  5:16  Siege Tank, SCV  
  70  5:21  Marine x2  
  72  5:23  SCV  
  72  5:28  SCV  
  71  5:39  Marine x2, SCV  
  71  5:40  SCV  
  69  5:45  Orbital Command  
  64  5:51  SCV, Engineering Bay  
  64  5:52  Engineering Bay  
  64  5:53  SCV  
  63  6:04  SCV, Orbital Command  
  61  6:05  SCV, Starport Reactor  
  61  6:09  Barracks  
  61  6:10  Barracks  
  62  6:13  Marine  
  62  6:14  Stimpack  
  62  6:16  SCV  
  62  6:17  SCV  
  65  6:19  Supply Depot  
  65  6:20  Refinery  
  65  6:21  Refinery  
  65  6:27  Terran Infantry Weapons Level 1  
  65  6:28  Terran Infantry Armor Level 1, SCV  
  65  6:29  SCV  
  65  6:31  Marine  
  68  6:38  SCV  
  69  6:40  SCV  
  69  6:41  Siege Tank, Barracks  
  69  6:42  Barracks  
  73  6:49  Marine  
  73  6:53  SCV x2  
  76  6:54  SCV  
  76  7:05  SCV x2, Supply Depot  
  76  7:06  SCV, Starport Reactor, Marine  
  76  7:07  Marine x2  
  82  7:10  Marine x2  
  84  7:17  SCV  
  84  7:18  Supply Depot x2  
  85  7:26  Marine, Armory  
  85  7:27  Siege Tank, SCV x2  
  85  7:29  SCV  
  92  7:30  Barracks Reactor x2  
  92  7:34  Marine x3  
  90  7:39  SCV x2  
  90  7:40  Supply Depot  
  90  7:41  SCV  
  90  7:43  Medivac x2  
  97  7:45  Barracks  
  97  7:49  Marine x2  
  97  7:51  SCV x2, Marine  
  101  7:55  SCV  
  101  7:58  Supply Depot  
  103  8:01  Siege Tank  
  103  8:03  SCV, Marine x2  
  103  8:05  SCV  
  109  8:07  Marine x6, Refinery, SCV  
  109  8:08  Refinery  
  116  8:13  Barracks  
  116  8:15  SCV  
  116  8:19  Marine, Combat Shields, SCV  
  119  8:21  Marine x2  
  121  8:30  Supply Depot  
  121  8:33  Marine x3  
  121  8:34  Marauder  
  124  8:35  Barracks Tech Lab  
  124  8:36  SCV  
  124  8:40  Terran Infantry Armor Level 2, Terran Infantry Weapons Level 2  
  125  8:43  SCV  
  125  8:49  Terran Vehicle Weapons Level 1  
  125  8:51  Marine  
  125  8:53  Sensor Tower, Supply Depot  
  125  8:54  Marine x7  
  133  9:01  Supply Depot  
  133  9:08  Supply Depot  
  133  9:10  Barracks Reactor, Supply Depot  
  133  9:12  Marine  
  133  9:13  Supply Depot  
  133  9:15  Marauder, Marine, Medivac x2  
  140  9:18  Marine  
  140  9:22  Marine x6  
  147  9:31  Marauder, Supply Depot  
  149  9:32  Marine  
  149  9:36  Marine  
  149  9:37  Marauder  
  153  9:40  Marine x5  
  153  9:43  Siege Tank, Marine  
  162  9:46  Medivac  
  162  9:47  Medivac  
  162  9:50  Marine  
  162  9:52  Marauder, Marine x2  
  164  9:58  Marauder  
  159  10:01  Marine  
  159  10:02  Marine x2  
  159  10:03  Marine x2  
  161  10:13  Marauder  
  163  10:15  Siege Tank  
  163  10:16  Medivac x2  
  163  10:17  Marine  
  163  10:18  Marine x3  
  163  10:19  Marauder, Marine x3  
  179  10:26  Command Center  
  179  10:28  Marine  
  170  10:31  Marine  
  170  10:34  Marine  
  170  10:35  Marauder, Marine x2  
  161  10:45  Marine x2  
  161  10:46  Marauder, Medivac x2  
  161  10:47  Marine x2  
  161  10:49  Siege Tank  
  163  10:50  Marine x2  
  163  10:56  Marauder  
  164  11:00  Fusion Core, Marine, Starport  
  164  11:01  Marine  
  164  11:02  Marine  
  167  11:04  Marine  
  167  11:06  Marine x2  
Show
View Real Time Build Order
Export as new Build Order

Bly Zerg 

Build Orders: Pool First 

Get SALT Encoding   

  12  0:01  Drone  
  13  0:13  Overlord  
  13  0:18  Drone  
  14  0:31  Drone x2  
  16  0:42  Spawning Pool  
  15  0:45  Drone  
  15  0:49  Drone  
  17  1:09  Hatchery  
  16  1:13  Drone  
  16  1:17  Extractor  
  16  1:18  Drone  
  17  1:29  Zergling x4  
  19  1:34  Queen  
  21  1:42  Overlord  
  21  1:51  Drone  
  22  2:02  Drone  
  23  2:09  Queen  
  26  2:15  Drone  
  26  2:20  Metabolic Boost  
  26  2:22  Drone  
  27  2:24  Queen  
  29  2:38  Overlord  
  29  2:39  Drone x2  
  29  2:43  Drone x3  
  33  2:50  Drone x2  
  35  2:57  Roach Warren  
  33  3:05  Drone x3  
  36  3:13  Drone  
  36  3:15  Drone  
  38  3:23  Hatchery  
  37  3:27  Zergling x4  
  37  3:28  Zergling x2  
  40  3:46  Overlord  
  40  3:47  Extractor  
  39  3:53  Roach x2  
  39  3:54  Overlord  
  43  4:05  Roach x4  
  43  4:08  Overlord  
  51  4:27  Zergling x18  
  60  4:38  Overlord  
  60  4:46  Drone  
  60  4:47  Drone x3  
  60  4:48  Spore Crawler  
  60  4:51  Ravager x2  
  60  4:52  Drone x2  
  66  5:00  Overlord  
  66  5:04  Drone x3  
  66  5:05  Ravager  
  66  5:06  Ravager  
  71  5:10  Overlord  
  71  5:12  Drone  
  71  5:13  Drone  
  72  5:20  Overlord  
  58  5:37  Drone  
  58  5:38  Drone x2  
  58  5:41  Drone x3  
  58  5:42  Drone x5  
  59  5:55  Drone x2  
  56  6:00  Drone  
  56  6:02  Drone x6  
  56  6:03  Drone  
  57  6:05  Lair  
  57  6:07  Overlord  
  57  6:09  Overlord  
  56  6:12  Spore Crawler  
  56  6:14  Spore Crawler, Overlord  
  56  6:15  Extractor  
  53  6:20  Queen  
  53  6:25  Zergling x8  
  59  6:32  Hatchery  
  58  6:34  Zergling x4  
  58  6:37  Queen  
  62  6:46  Zergling x4  
  63  6:48  Drone  
  63  6:51  Overlord  
  63  6:52  Drone x2  
  63  6:53  Drone x2  
  66  6:55  Overlord  
  66  7:02  Drone x2  
  66  7:05  Glial Reconstitution  
  68  7:08  Infestation Pit  
  68  7:12  Drone x2  
  68  7:14  Extractor  
  68  7:16  Drone  
  68  7:19  Drone  
  68  7:20  Extractor  
  69  7:24  Overlord  
  69  7:25  Overlord  
  69  7:32  Roach  
  69  7:33  Roach x3  
  69  7:35  Roach x2  
  69  7:36  Roach x2  
  82  7:43  Roach x2  
  86  7:45  Extractor  
  85  8:02  Evolution Chamber, Drone x2  
  85  8:04  Evolution Chamber  
  83  8:08  Roach x9  
  83  8:12  Burrow  
  101  8:13  Infestor x2  
  104  8:20  Drone x2  
  104  8:21  Drone x3  
  104  8:22  Drone  
  110  8:27  Overlord  
  108  8:41  Infestor  
  108  8:42  Infestor  
  108  8:44  Zerg Ground Armor Level 1  
  108  8:45  Drone x2  
  108  8:46  Drone  
  113  8:50  Hatchery  
  112  9:00  Zerg Melee Weapons Level 1, Drone  
  113  9:07  Drone  
  114  9:16  Infestor x3  
  120  9:22  Zergling x24  
  131  9:25  Overlord  
  131  9:28  Ravager x2  
  131  9:29  Ravager  
  132  9:44  Hive, Hatchery  
  117  10:02  Infestor x2  
  117  10:04  Roach x2  
  117  10:05  Roach x4  
  123  10:12  Zergling x22  
  134  10:16  Drone x2  
  89  10:46  Roach  
  89  10:47  Roach x13  
  108  10:51  Roach x2  
  108  10:54  Roach x4  
  116  11:02  Ultralisk Cavern  
Tags
 
Add a new tag
Caveats
  • Supply blocks, unpowered buildings, or Contaminate may cause inaccurate times.
  • Supply counts are checked every 10 seconds.